General information
- name: BNet
- type: Ladder team game (AT/RT)
- host: Battle.net
- saver: TheDevil
map: Battleground
- players: 8
- length: 23:32
- speed: Fast
- version: 1.26 W3XP
- replay type: Public
» download(168 KB)
Players
team 1 (winner)
War1ord (
orange | 100 APM | 1733 actions | 17:19)
3 Mountain King
2 Storm Bolt
1 Bash
2 Paladin
1 Holy Light
1 Divine Shield
» actions
| Assign group hotkey | 33 | |
| Basic commands | 11 | |
| Build / train | 60 | |
| Enter build submenu | 22 | |
| Enter hero's abilities submenu | 6 | |
| Give item / drop item | 2 | |
| Right click | 677 | |
| Select / deselect | 257 | |
| Select group hotkey | 619 | |
| Use ability | 46 | |
1733 total
» units
| Peasant | 20 | |
| Footman | 14 | |
| Gryphon Rider | 7 | |
41 total
» upgrades
| Defend | 1 | |
| Swords | 1 | |
| Storm Hammers | 1 | |
| Animal War Training | 1 | |
| Lumber Harvesting | 1 | |
5 total
» buildings
| Altar of Kings | 1 | |
| Farm | 8 | |
| Barracks | 1 | |
| Scout Tower | 4 | |
| Arcane Tower | 1 | |
| Arcane Vault | 1 | |
| Keep | 1 | |
| Lumber Mill | 1 | |
| Blacksmith | 1 | |
| Castle | 1 | |
| Guard Tower | 3 | |
| Gryphon Aviary | 2 | |
| Town Hall | 1 | |
26 total
» build order
00:07 Altar of Kings
00:11 Farm
00:36 Barracks
00:59 Scout Tower
01:27 Farm
01:50 Arcane Tower
01:59 Farm
02:27 Arcane Vault
03:34 Farm
03:56 Keep
04:34 Lumber Mill
04:57 Blacksmith
05:17 Farm
06:42 Scout Tower
06:49 Scout Tower
07:01 Scout Tower
07:04 Castle
07:11 Guard Tower
07:18 Guard Tower
07:29 Guard Tower
08:12 Gryphon Aviary
08:15 Gryphon Aviary
08:25 Farm
10:45 Farm
10:47 Farm
13:25 Town Hall
» items
macnasty (
red | 25 APM | 419 actions | 16:58)
3 Archmage
2 Summon Water Elemental
1 Brilliance Aura
» actions
| Build / train | 45 | |
| Enter build submenu | 18 | |
| Enter hero's abilities submenu | 3 | |
| Right click | 157 | |
| Select / deselect | 166 | |
| Use ability | 30 | |
419 total
» units
» upgrades
| Defend | 1 | |
| Swords | 3 | |
| Plating | 3 | |
| Animal War Training | 1 | |
8 total
» buildings
| Altar of Kings | 1 | |
| Barracks | 2 | |
| Farm | 11 | |
| Lumber Mill | 1 | |
| Keep | 1 | |
| Blacksmith | 1 | |
| Arcane Vault | 1 | |
| Castle | 1 | |
19 total
» build order
00:13 Altar of Kings
00:21 Barracks
00:39 Farm
00:50 Farm
02:14 Lumber Mill
02:44 Keep
03:06 Farm
03:20 Farm
03:49 Farm
04:09 Blacksmith
04:41 Arcane Vault
05:19 Castle
06:18 Barracks
08:34 Farm
09:12 Farm
13:10 Farm
13:36 Farm
13:54 Farm
14:34 Farm
» items
Frank.Sinatra (
teal | 82 APM | 1932 actions | 23:32)
4 Blood Mage
2 Flame Strike
1 Siphon Mana
1 Banish
4 Mountain King
2 Storm Bolt
2 Bash
» actions
| Assign group hotkey | 42 | |
| Basic commands | 25 | |
| Build / train | 118 | |
| ESC pressed | 5 | |
| Enter build submenu | 57 | |
| Enter hero's abilities submenu | 8 | |
| Give item / drop item | 1 | |
| Right click | 853 | |
| Select / deselect | 398 | |
| Select group hotkey | 322 | |
| Use ability | 103 | |
1932 total
» units
| Peasant | 21 | |
| Footman | 4 | |
| Dragonhawk Rider | 7 | |
| Gryphon Rider | 6 | |
| Sorceress | 1 | |
39 total
» upgrades
| Masonry | 5 | |
| Swords | 3 | |
| Lumber Harvesting | 2 | |
| Armor | 3 | |
| Animal War Training | 1 | |
| Magic Sentry | 2 | |
| Sorceress Training | 3 | |
| Storm Hammers | 1 | |
| Cloud | 1 | |
21 total
» buildings
| Altar of Kings | 1 | |
| Barracks | 1 | |
| Farm | 10 | |
| Scout Tower | 37 | |
| Arcane Tower | 2 | |
| Arcane Vault | 1 | |
| Keep | 1 | |
| Lumber Mill | 2 | |
| Blacksmith | 1 | |
| Castle | 1 | |
| Gryphon Aviary | 2 | |
| Town Hall | 1 | |
| Guard Tower | 36 | |
| Arcane Sanctum | 2 | |
98 total
» build order
00:05 Altar of Kings
00:10 Barracks
00:14 Farm
01:23 Farm
01:56 Farm
02:00 Scout Tower
02:28 Arcane Tower
02:47 Arcane Vault
03:29 Farm
03:44 Keep
03:57 Lumber Mill
04:39 Blacksmith
06:10 Castle
06:24 Gryphon Aviary
06:26 Gryphon Aviary
07:58 Farm
07:59 Farm
08:00 Farm
09:05 Town Hall
09:07 Scout Tower
09:16 Scout Tower
09:17 Scout Tower
09:37 Guard Tower
09:41 Scout Tower
09:42 Scout Tower
09:45 Guard Tower
11:51 Guard Tower
12:12 Scout Tower
12:15 Scout Tower
12:17 Scout Tower
12:19 Scout Tower
12:23 Scout Tower
12:44 Guard Tower
12:46 Guard Tower
12:47 Guard Tower
12:47 Guard Tower
12:57 Guard Tower
13:26 Guard Tower
13:27 Guard Tower
13:54 Scout Tower
14:02 Scout Tower
14:26 Guard Tower
14:29 Guard Tower
14:57 Lumber Mill
17:31 Scout Tower
17:31 Scout Tower
17:32 Scout Tower
17:33 Scout Tower
17:34 Scout Tower
17:36 Scout Tower
17:39 Scout Tower
17:39 Scout Tower
17:40 Scout Tower
17:42 Scout Tower
17:44 Scout Tower
17:52 Scout Tower
17:53 Scout Tower
17:53 Scout Tower
17:54 Scout Tower
17:58 Scout Tower
17:58 Scout Tower
17:59 Scout Tower
18:00 Scout Tower
18:05 Scout Tower
18:09 Guard Tower
18:10 Guard Tower
18:11 Guard Tower
18:11 Guard Tower
18:11 Guard Tower
18:13 Guard Tower
18:14 Guard Tower
18:16 Guard Tower
18:20 Arcane Sanctum
18:28 Guard Tower
18:29 Guard Tower
18:45 Guard Tower
18:51 Guard Tower
18:51 Guard Tower
18:51 Guard Tower
18:59 Guard Tower
18:59 Guard Tower
19:24 Guard Tower
19:48 Arcane Sanctum
21:25 Scout Tower
21:26 Scout Tower
21:27 Scout Tower
22:06 Arcane Tower
22:19 Scout Tower
23:15 Farm
23:15 Farm
23:18 Farm
» items
| Staff of Teleportation | 1 | |
| Boots of Speed | 1 | |
| Scroll of Regeneration | 1 | |
3 total
Surg3on (
purple | 48 APM | 817 actions | 17:05)
2 Archmage
1 Summon Water Elemental
1 Blizzard
» actions
| Assign group hotkey | 14 | |
| Build / train | 53 | |
| Enter build submenu | 18 | |
| Enter hero's abilities submenu | 2 | |
| Right click | 339 | |
| Select / deselect | 185 | |
| Select group hotkey | 167 | |
| Use ability | 39 | |
817 total
» units
| Peasant | 25 | |
| Rifleman | 11 | |
| Forest Troll Shadow Priest | 1 | |
37 total
» upgrades
» buildings
| Altar of Kings | 1 | |
| Farm | 10 | |
| Barracks | 1 | |
| Blacksmith | 1 | |
| Lumber Mill | 1 | |
| Keep | 1 | |
| Arcane Vault | 1 | |
| Scout Tower | 10 | |
| Guard Tower | 7 | |
33 total
» build order
00:24 Altar of Kings
00:42 Farm
00:44 Farm
01:28 Barracks
01:45 Blacksmith
02:00 Farm
02:01 Farm
02:18 Farm
02:20 Farm
03:41 Lumber Mill
04:23 Farm
05:11 Farm
06:58 Keep
07:04 Arcane Vault
07:09 Scout Tower
07:11 Scout Tower
07:17 Scout Tower
07:19 Farm
07:20 Farm
08:56 Guard Tower
08:59 Guard Tower
10:36 Guard Tower
11:10 Scout Tower
11:11 Scout Tower
11:13 Scout Tower
12:12 Scout Tower
12:36 Guard Tower
12:39 Scout Tower
13:35 Guard Tower
13:44 Scout Tower
14:00 Scout Tower
14:23 Guard Tower
15:08 Guard Tower
» items
| Scroll of Town Portal | 1 | |
| Periapt of Vitality | 1 | |
| Circlet of Nobility | 1 | |
3 total
team 2 (loser)

»
auraeae (
yellow | 65 APM | 1480 actions | 22:47)
5 Archmage
3 Summon Water Elemental
2 Brilliance Aura
» actions
| Assign group hotkey | 191 | |
| Basic commands | 11 | |
| Build / train | 69 | |
| Enter build submenu | 29 | |
| Enter hero's abilities submenu | 5 | |
| Give item / drop item | 2 | |
| Right click | 657 | |
| Select / deselect | 414 | |
| Select group hotkey | 43 | |
| Use ability | 59 | |
1480 total
» units
| Peasant | 15 | |
| Footman | 8 | |
| Sorceress | 3 | |
| Rifleman | 8 | |
| Priest | 1 | |
| Flying Machine | 4 | |
39 total
» upgrades
| Lumber Harvesting | 1 | |
| Masonry | 1 | |
| Gunpowder | 3 | |
| Long Rifles | 1 | |
| Armor | 1 | |
7 total
» buildings
| Altar of Kings | 1 | |
| Barracks | 2 | |
| Farm | 11 | |
| Lumber Mill | 1 | |
| Keep | 1 | |
| Arcane Vault | 1 | |
| Scout Tower | 4 | |
| Arcane Tower | 1 | |
| Guard Tower | 4 | |
| Arcane Sanctum | 1 | |
| Blacksmith | 1 | |
| Castle | 3 | |
| Workshop | 2 | |
33 total
» build order
00:08 Altar of Kings
00:12 Barracks
00:18 Farm
00:58 Farm
01:02 Lumber Mill
01:52 Farm
02:59 Farm
03:30 Keep
03:34 Arcane Vault
04:06 Scout Tower
04:07 Scout Tower
04:25 Scout Tower
04:28 Scout Tower
04:42 Arcane Tower
04:43 Guard Tower
04:58 Guard Tower
05:11 Guard Tower
07:53 Arcane Sanctum
08:08 Blacksmith
08:12 Farm
09:31 Castle
09:31 Castle
09:49 Farm
11:19 Barracks
14:12 Farm
14:14 Farm
18:09 Workshop
18:10 Workshop
18:14 Farm
18:15 Farm
19:48 Farm
» items
| Scroll of Town Portal | 4 | |
| Potion of Healing | 2 | |
| Scroll of Protection | 1 | |
| Scroll of Regeneration | 1 | |
8 total

»
I_WONT_BACKSTAB (
pink | 59 APM | 1364 actions | 23:15)
5 Death Knight
3 Death Coil
1 Unholy Aura
1 Death Pact
» actions
| Assign group hotkey | 113 | |
| Basic commands | 115 | |
| Build / train | 63 | |
| ESC pressed | 2 | |
| Enter build submenu | 24 | |
| Enter hero's abilities submenu | 5 | |
| Give item / drop item | 2 | |
| Right click | 481 | |
| Select / deselect | 155 | |
| Select group hotkey | 325 | |
| Use ability | 79 | |
1364 total
» units
| Acolyte | 10 | |
| Ghoul | 4 | |
| Crypt Fiend | 4 | |
| Frost Wyrm | 9 | |
27 total
» upgrades
| Burrow | 1 | |
| Web | 1 | |
| Creature Attack | 3 | |
| Creature Carapace | 3 | |
| Freezing Breath | 1 | |
9 total
» buildings
| Ziggurat | 9 | |
| Altar of Darkness | 1 | |
| Graveyard | 1 | |
| Nerubian Tower | 2 | |
| Crypt | 1 | |
| Tomb of Relics | 1 | |
| Spirit Tower | 7 | |
| Halls of the Dead | 1 | |
| Black Citadel | 1 | |
| Sacrificial Pit | 1 | |
| Boneyard | 2 | |
| Necropolis | 5 | |
32 total
» build order
00:06 Ziggurat
00:23 Altar of Darkness
00:47 Graveyard
00:59 Ziggurat
01:04 Nerubian Tower
01:04 Nerubian Tower
01:26 Crypt
01:51 Tomb of Relics
02:16 Spirit Tower
03:34 Ziggurat
03:37 Ziggurat
04:23 Halls of the Dead
05:09 Spirit Tower
07:28 Black Citadel
07:31 Sacrificial Pit
09:10 Spirit Tower
09:55 Boneyard
09:55 Boneyard
10:39 Necropolis
11:52 Necropolis
11:55 Necropolis
11:58 Necropolis
13:07 Necropolis
15:04 Ziggurat
15:05 Ziggurat
15:05 Ziggurat
15:20 Ziggurat
15:58 Spirit Tower
16:00 Ziggurat
16:01 Spirit Tower
16:02 Spirit Tower
17:43 Spirit Tower
» items
| Rod of Necromancy | 1 | |
| Sacrificial Skull | 1 | |
| Dust of Appearance | 2 | |
| Scroll of Regeneration | 1 | |
| Lesser Clarity Potion | 2 | |
| Potion of Mana | 1 | |
| Orb of Corruption | 1 | |
9 total
TheDevil (
green | 62 APM | 1468 actions | 23:32)
8 Blood Mage
3 Flame Strike
2 Siphon Mana
1 Summon Phoenix
2 Banish
» actions
| Assign group hotkey | 133 | |
| Basic commands | 53 | |
| Build / train | 105 | |
| Enter build submenu | 38 | |
| Enter hero's abilities submenu | 8 | |
| Give item / drop item | 4 | |
| Remove unit from queue | 5 | |
| Right click | 576 | |
| Select / deselect | 365 | |
| Select group hotkey | 87 | |
| Use ability | 94 | |
1468 total
» units
| Peasant | 14 | |
| Footman | 3 | |
| Rifleman | 4 | |
| Sorceress | 2 | |
| Gryphon Rider | 4 | |
27 total
» upgrades
| Masonry | 2 | |
| Lumber Harvesting | 2 | |
| Sorceress Training | 1 | |
| Gunpowder | 2 | |
| Magic Sentry | 1 | |
| Armor | 3 | |
| Swords | 3 | |
| Storm Hammers | 1 | |
| Animal War Training | 1 | |
16 total
» buildings
| Altar of Kings | 2 | |
| Barracks | 1 | |
| Farm | 10 | |
| Blacksmith | 1 | |
| Lumber Mill | 2 | |
| Arcane Vault | 1 | |
| Scout Tower | 14 | |
| Guard Tower | 7 | |
| Arcane Tower | 2 | |
| Keep | 4 | |
| Arcane Sanctum | 1 | |
| Town Hall | 2 | |
| Castle | 1 | |
| Gryphon Aviary | 2 | |
50 total
» build order
00:36 Altar of Kings
00:51 Altar of Kings
00:53 Barracks
00:58 Farm
01:08 Farm
01:10 Farm
01:39 Blacksmith
02:08 Farm
02:33 Lumber Mill
02:46 Arcane Vault
03:20 Scout Tower
03:23 Scout Tower
03:29 Scout Tower
03:32 Scout Tower
04:07 Guard Tower
04:09 Arcane Tower
04:59 Keep
04:59 Keep
04:59 Keep
05:04 Farm
05:09 Farm
05:12 Scout Tower
05:15 Scout Tower
06:27 Guard Tower
07:22 Arcane Sanctum
08:57 Scout Tower
08:58 Scout Tower
08:58 Scout Tower
08:59 Scout Tower
09:04 Town Hall
09:06 Scout Tower
09:06 Scout Tower
09:07 Scout Tower
09:07 Scout Tower
09:30 Guard Tower
09:33 Guard Tower
10:22 Guard Tower
10:23 Guard Tower
11:11 Lumber Mill
11:17 Guard Tower
12:57 Arcane Tower
13:01 Castle
14:24 Gryphon Aviary
14:24 Gryphon Aviary
19:10 Town Hall
20:01 Farm
20:01 Farm
20:03 Farm
20:03 Farm
» items
| Scroll of Regeneration | 6 | |
| Boots of Speed | 1 | |
| Staff of Teleportation | 1 | |
| Potion of Invisibility | 1 | |
| Potion of Healing | 5 | |
| Lesser Clarity Potion | 2 | |
| Scroll of Town Portal | 9 | |
| Potion of Mana | 3 | |
| Potion of Lesser Invulnerability | 1 | |
| Tome of Retraining | 1 | |
30 total
AnDrEsThEpRo (
blue | 43 APM | 966 actions | 22:34)
5 Death Knight
3 Death Coil
2 Unholy Aura
4 Lich
2 Frost Nova
2 Frost Armor
» actions
| Assign group hotkey | 3 | |
| Build / train | 50 | |
| ESC pressed | 1 | |
| Enter build submenu | 15 | |
| Enter hero's abilities submenu | 9 | |
| Right click | 630 | |
| Select / deselect | 198 | |
| Select group hotkey | 2 | |
| Use ability | 58 | |
966 total
» units
| Acolyte | 2 | |
| Ghoul | 5 | |
| Crypt Fiend | 8 | |
| Forest Troll Shadow Priest | 1 | |
| Forest Troll Berserker | 1 | |
| Frost Wyrm | 3 | |
20 total
» upgrades
| Web | 1 | |
| Creature Attack | 3 | |
| Creature Carapace | 3 | |
| Freezing Breath | 1 | |
8 total
» buildings
| Crypt | 1 | |
| Graveyard | 1 | |
| Ziggurat | 7 | |
| Altar of Darkness | 1 | |
| Tomb of Relics | 1 | |
| Nerubian Tower | 1 | |
| Halls of the Dead | 1 | |
| Spirit Tower | 3 | |
| Sacrificial Pit | 1 | |
| Black Citadel | 1 | |
| Boneyard | 3 | |
21 total
» build order
00:17 Crypt
00:23 Graveyard
00:41 Ziggurat
00:59 Altar of Darkness
01:16 Ziggurat
01:56 Tomb of Relics
02:02 Nerubian Tower
04:08 Ziggurat
04:54 Halls of the Dead
07:53 Spirit Tower
07:57 Ziggurat
08:05 Sacrificial Pit
09:02 Ziggurat
10:03 Black Citadel
11:47 Spirit Tower
12:28 Boneyard
12:31 Boneyard
12:36 Boneyard
12:45 Spirit Tower
17:22 Ziggurat
19:27 Ziggurat
» items
| Rod of Necromancy | 1 | |
| Circlet of Nobility | 1 | |
| Scroll of Regeneration | 1 | |
| Scroll of Town Portal | 1 | |
| Orb of Corruption | 1 | |
5 total
Chat log
(00:31 / All) Frank.Sinatra: Yes, there were times, I'm sure you knew, where I bit off more than I could chew.
(04:47 / Allies) TheDevil: wood
(05:36 / Allies) auraeae: tp
(05:39 / Allies) auraeae: all
(05:49 / Allies) TheDevil: yellow I'll get it
(06:25 / Allies) auraeae: bad tp blue
(06:52 / Allies) auraeae: attck it blue
(06:53 / Allies) AnDrEsThEpRo: no
(06:57 / Allies) AnDrEsThEpRo: i got it
(07:00 / Allies) auraeae: k
(07:05 / Allies) TheDevil: got web
(07:07 / Allies) TheDevil: >?
(09:12 / Allies) AnDrEsThEpRo: gold for wood
(10:11 / Allies) auraeae: towers
(10:57 / Allies) auraeae: bm
(12:10 / Allies) AnDrEsThEpRo: cmon man!
(12:47 / Allies) AnDrEsThEpRo: gold pls
(12:57 / Allies) AnDrEsThEpRo: thx
(15:44 / Allies) auraeae: come pink
(17:23 / All) TheDevil: purple straight molested by 1 hero
(17:39 / All) auraeae: teal was horrid bad.
(18:29 / All) TheDevil: what kind of shit was purple saying
(18:34 / All) Frank.Sinatra: nothing my chat sucked
(19:11 / All) auraeae: you guys are underestimating purple
(19:16 / All) Frank.Sinatra: leave please you lost
(19:18 / All) auraeae: at least he was smart enough to leave upon loss.
(19:26 / All) I_WONT_BACKSTAB: leave yellow and blue, you lost
(19:27 / All) Frank.Sinatra: You lost, leave
(19:39 / Allies) I_WONT_BACKSTAB: leave yellow, you lost
(19:50 / All) AnDrEsThEpRo: lol?
(19:52 / All) AnDrEsThEpRo: how
(19:52 / All) Frank.Sinatra: leave
(19:53 / All) Frank.Sinatra: out
(19:59 / All) I_WONT_BACKSTAB: leave blue, you lost
(20:14 / All) auraeae: yawn
(20:25 / All) Frank.Sinatra: you lost, you can leave now
(20:37 / All) auraeae: stop whining
(20:41 / All) Frank.Sinatra: you can leave now
(20:45 / All) auraeae: will do
(20:53 / All) Frank.Sinatra: I played awful this game and I still 1v4ed all of you
(20:54 / All) auraeae: alt QQ
(20:55 / All) Frank.Sinatra: so you can leave
(20:57 / All) Frank.Sinatra: you were ashamed
(20:58 / All) auraeae: crap didn't work.
(21:00 / All) auraeae: too bad.
(21:11 / All) Frank.Sinatra: sick frost breath lol
(21:23 / All) AnDrEsThEpRo: i now
(21:29 / All) I_WONT_BACKSTAB: I TOLD YOU YOU LOST YELLOW
(21:34 / All) Frank.Sinatra: you lost, leave
(21:35 / All) Frank.Sinatra: wow
(21:42 / All) AnDrEsThEpRo: lets quit they will be doing this all game
(21:52 / All) Frank.Sinatra: you lost and can leave now you have my permission
(21:56 / Allies) auraeae: green
(21:58 / Allies) auraeae: attck wyrms
(22:04 / Allies) TheDevil: help me blue
(22:15 / Allies) TheDevil: go blue help
(22:16 / Allies) auraeae: go go
(22:27 / Allies) auraeae: pink ones green
(22:44 / All) Frank.Sinatra: ok, you can leave now yellow
(22:46 / All) Frank.Sinatra: you lost bye
(22:50 / All) Frank.Sinatra: lol
(22:52 / All) I_WONT_BACKSTAB: done
(22:55 / All) TheDevil: lol
(22:57 / All) TheDevil: this chat is funny
(23:02 / All) TheDevil: they were telling me to kill teelo
(23:06 / All) Frank.Sinatra: your team imo, I played awful this game and my team sucked ass
(23:08 / All) Frank.Sinatra: no chat my side
(23:13 / All) I_WONT_BACKSTAB: kk leaving
(23:20 / All) TheDevil: Which side to lose?
(23:28 / All) Frank.Sinatra: yours